 Dungeon Crawl Stone Soup version 0.20-a0-1078-g4874019 (webtiles) character file.

28 FastMan the Chopper (level 2, 27/27 HPs)
             Began as a Minotaur Berserker on May 1, 2017.
             Was a Believer of Trog.
             Got out of the dungeon alive.
             The game lasted 00:01:02 (818 turns).

FastMan the Chopper (Minotaur Berserker)             Turns: 818, Time: 00:01:03

Health: 27/27      AC:  6    Str: 21    XL:     2   Next: 96%
Magic:  1/1        EV: 10    Int:  4    God:    Trog [**....]
Gold:   56         SH:  0    Dex:  9    Spells: 1/1 levels left

rFire    . . .     SeeInvis .   a - +0 hand axe
rCold    . . .     Gourm    .   (no shield)
rNeg     . . .     Faith    .   n - +0 scale mail
rPois    .         Spirit   .   (helmet restricted)
rElec    .         Reflect  .   (no cloak)
rCorr    .         Harm     .   (no gloves)
MR       .....                  (no boots)
Stlth    ..........             (no amulet)
Regen    0.1/turn               (no ring)
MPRegen  0.1/turn               (no ring)

@: no status effects
A: retaliatory headbutt, horns 2
a: Berserk, Trog's Hand, Burn Spellbooks, Renounce Religion


You escaped.
You worshipped Trog.
Trog was pleased with you.
You were not hungry.

You visited 1 branch of the dungeon, and saw 2 of its levels.

You collected 56 gold pieces.

Inventory:

Hand Weapons
 a - a +0 hand axe (weapon)
Armour
 b - a +0 animal skin
 n - a +0 scale mail (worn)
Scrolls
 e - 2 scrolls of teleportation {unknown}
 h - a scroll of remove curse {unknown}
 j - a scroll of fear {unknown}
 k - a scroll of amnesia {unknown}
Potions
 d - 2 potions of magic {unknown}
 i - a potion of cancellation {unknown}
 l - a potion of berserk rage {unknown}
 m - a potion of brilliance {unknown}
Comestibles
 c - a bread ration {@e1}
 g - a meat ration {@e2}


   Skills:
 + Level 4.2 Fighting
 * Level 4.5 Axes
 + Level 2.4 Armour
 + Level 2.2 Dodging


You had one spell level left.
You didn't know any spells.

Dungeon Overview and Level Annotations

Branches:
Dungeon (2/15)

Altars:


Innate Abilities, Weirdness & Mutations

You reflexively headbutt those who attack you in melee.
You have a pair of horns on your head.


Message History

Trog says: Kill them all!
Press ? for a list of commands and other information.
(D) Dungeon
Where to? (? - help) All of the chunks of flesh in your inventory have rotted away.
You see here 5 stones.
You see here 16 arrows.
There is a stone staircase leading down here.
You climb downwards.
There is a stone staircase leading up here.
(D) Dungeon
Where to? (Enter - D:2, ? - help)
What level of the Dungeon? (default 1, ? - help)
You climb upwards.
There is a stone staircase leading down here.
You see here 16 arrows.
You see here 5 stones.
There is a staircase leading out of the dungeon here.
Are you sure you want to leave the Dungeon?
This will make you lose the game!
You have escaped!

##...###################(........
.....# ######## #.....>... ###..#
####......#### ##........ ###..#
##............## #........ .##..#
#....(.####....###........
.##..###....#######....##........
.##..##....##.....##...###......#
.#...#....###..##.###..###......#
.#...#....##..##@.###..##.......#
.#...#....##...#####..###......##
.#...#....###...###...##.......#
.#.#.##....##........###......##
.#...##.....###....####.......#
...#.###.....########........##
.....# ##......####.........## #
....### ##.................## ##
......## ###.............### ###.


There were no monsters in sight!

Vanquished Creatures
  A dart slug (D:1)
  A ball python (D:1)
  A giant cockroach (D:1)
  5 goblins (D:1)
  5 hobgoblins
  A kobold (D:1)
  2 bats (D:1)
  3 frilled lizards
  5 rats
24 creatures vanquished.

Notes
Turn   | Place    | Note
-------+----------+-------------------------------------------
     0 | D:1      | FastMan the Minotaur Berserker began the quest for the Orb.
     0 | D:1      | Reached XP level 1. HP: 19/19 MP: 0/0
   154 | D:1      | Reached XP level 2. HP: 27/27 MP: 1/1
   297 | D:1      | Reached ** piety under Trog
   818 | D:$      | Got out of the dungeon alive.

Vault maps used:
D:1:      dpeg_arrival_snail
D:2:      grunt_temple_overflow_open

Skill      XL: |  1 |
---------------+----+-----
Fighting       | 4 |  4.2
Axes           | 4 |  4.5
Armour         | |  2.4
Dodging        | |  2.2

Action                   || total
-------------------------++-------
Melee: Hand axe          ||    39
       Headbutt          ||     7
Armor: Animal skin       ||     6
       Scale mail        ||     1
Dodge: Dodged            ||    25
